 Dungeon Sprint DCSS version 0.31-a0-983-g7b6862f502 (webtiles) character file.

Game seed: 5182800081572014329

9878 rocky1 the Protected (level 11, 0/162 HPs)
             Began as an Armataur Fighter on Nov 3, 2023.
             Was a High Priest of Okawaru.
             Incinerated by a smoke demon (1 damage)
             ... with a sticky flame
             ... in the Dungeon (Sprint VII: "The Pits").
             The game lasted 00:09:04 (1987 turns).

rocky1 the Protected (Armataur Fighter)             Turns: 1987, Time: 00:09:04

Health: 0/162      AC: 11    Str: 26    XL:     11   Next: 28%
Magic:  14/19      EV: 12    Int:  8    God:    Okawaru [*****.]
Gold:   21         SH:  8    Dex: 13    Spells: 10/10 levels left

rFire   . . .        a - +0 war axe
rCold   . . .        c - +0 buckler
rNeg    . . .        D - +0 scale mail of Anwurph {Contam rPois Regen+ Dex+3}
rPois   +            v - +0 helmet
rElec   .            (no cloak)
rCorr   .            u - +0 pair of gloves
SInv    .            (no barding)
Will    .....        (no amulet) Stlth
                     (no ring)
HPRegen 1.27/turn    (no ring)
MPRegen 0.16/turn

%: no teleportation, roll
@: berserking, lethally poisoned (0 -> 0), on fire, heroic, untranslocatable,
corroded, glowing, very quick
A: large, rugged brown scales 3, deformed body, armoured tail, roll, long
tongue, awkward tongue
a: Renounce Religion, Heroism, Finesse


You were in the Dungeon.
You worshipped Okawaru.
Okawaru was extremely pleased with you.
You visited 1 branch You collected 21 gold pieces.

Inventory:

Hand Weapons
 a - a +0 war axe (weapon)
 p - a +1 heavy hand axe
 x - a +2 heavy war axe
 y - a +2 morningstar of protection
Missiles
 d - 3 silver javelins
 g - a boomerang
 q - a curare-tipped dart (quivered)
Armour
 b - a +0 scale mail
 c - a +0 buckler (worn)
 o - a +3 chain mail
 u - a +0 pair of gloves (worn)
 v - a +0 helmet (worn)
 w - a +3 plate armour
 D - the +0 scale mail of Anwurph (worn) {Contam rPois Regen+ Dex+3}
   (You found it in the Dungeon)

   Dex+3:     It affects your dexterity (+3).
   rPois:     It protects you from poison Contam: It causes magical
   contamination when unequipped.
   Regen+:    It increases your rate of health regeneration.
Jewellery
 r - a +3 ring of protection
 s - a +3 ring of strength
 G - a ring of ice
 H - an amulet of guardian spirit
 J - a ring of fire
Scrolls
 j - a scroll of blinking
 l - 2 scrolls of vulnerability
 m - 5 scrolls of amnesia
 n - a scroll of summoning
 z - 8 scrolls of enchant weapon
 A - 3 scrolls of enchant armour
 B - 3 scrolls of fog
 C - a scroll of revelation
 E - a scroll of identify
Potions
 e - 7 potions of curing
 f - 14 potions of heal wounds
 h - 4 potions of magic
 i - a potion of berserk rage
 k - a potion of invisibility
 t - a potion of brilliance
 F - 2 potions of might
 I - a potion of enlightenment


   Skills:
 + Level 10.6(15.6) Fighting
 + Level 13.8(18.8) Axes
 + Level 4.6(9.6) Throwing
 + Level 14.5(19.5) Armour
 + Level 5.1(10.1) Dodging
 - Level 5.5(10.5) Stealth
 - Level 10.0(15.0) Shields
 - Level 10.7 Invocations


You had 10 spell levels left.
You didn't know any spells.
Your spell library contained the following spells:

 Spells                   Type           Power      Damage    Failure   Level
 Cigotuvi's Dreadful Rot  Necr/Pois/Air  0%         N/A       75%         2
 Ignite Poison            Fire/Tmut/Pois 0%         N/A       93%         3
 Freezing Cloud           Conj/Ice/Air   0%         6-21      100%        5


Dungeon Overview and Level Annotations

Branches:
Dungeon (1/1)

Altars:
Ashenzari
Cheibriados
Dithmenos
Elyvilon
Fedhas
Gozag
Hepliaklqana
Kikubaaqudgha
Makhleb
Nemelex Xobeh
Okawaru
Qazlal
Ru
Sif Muna
Trog
Uskayaw
Vehumet
Wu Jian
Xom
Yredelemnul
Zin
The Shining One
Jiyva
Lugonu


Innate Abilities, Weirdness & Mutations

You are completely covered in rugged brown scales. (AC +3, +7% HP)
Armour fits poorly on your strangely shaped body.
You have a long armoured tail.
You roll when moving toward enemies. (Rampage)
Your long tongue fully drains potion bottles. (2x potion effects)
Your tongue gives you trouble enunciating. (1.5x scroll delay)


Message History

The orc high priest hits you but does no damage.
You barely miss the nagaraja.
The nagaraja is almost dead.
You barely miss the rust devil. You slash the smoke demon!
You kill the smoke demon!
The smoke demon disappears in a puff of smoke!
You are covered in liquid flames!
* * * LOW HITPOINT WARNING * * *
You feel sick. The nagaraja completely misses you. The nagaraja constricts you.
* * * LOW HITPOINT WARNING * * *
You slash the nagaraja!
You kill the nagaraja!
Okawaru is honoured by your kill.
You hit the rust devil.
You are covered in liquid flames!
* * * LOW HITPOINT WARNING * * *
You block the rust devil's attack. The orc high priest barely misses you.
You slice the orc sorcerer!!
Your tail-slap misses the orc sorcerer.
The orc sorcerer is severely wounded.
You hit the rust devil.
You kill the rust devil!
The rust devil disappears in a puff of smoke!
You are covered in liquid flames!
* * * LOW HITPOINT WARNING * * *
You feel sick.
You slash the orc sorcerer! You tail-slap the orc sorcerer.
You kill the orc sorcerer!
Okawaru is honoured by your kill.
The soul eater disappears in a puff of smoke!
You are covered in liquid flames!
* * * LOW HITPOINT WARNING * * *
The orc warrior throws a boomerang.
The boomerang barely misses you.
The orc high priest hits you from afar with a +0 halberd.
* * * LOW HITPOINT WARNING * * *
Unknown command.
You are too berserk!
You are too berserk!
You are too berserk!
You are covered in liquid flames!
You die...

#... #... #..# #..# #oo#
####### #oo# ..##..# #§)#
..##..# #@.# ..''..# #..#
..''..##########..#
..##..............#
..##...)..........#
################### ########
##### #############
#†.....###...####..'.....').##
..#'#......)..##...##...##.).#


You could see an orc high priest, an orc warrior and 2 orcs.

Vanquished Creatures
  A nagaraja (D)
  A hydra (D)
  An alligator (D)
  A death yak (D)
  A shadow wraith (D)
  A flayed ghost (D)
  A deep elf pyromancer (D)
  2 orc sorcerers (D)
  2 manticores (D)
  Joseph (D)
  An orange demon (D)
  An efreet (D)
  A rime drake (D)
  A freezing wraith (D)
  An ice devil (D)
  A guardian mummy (D)
  A hornet (D)
  3 glass eyes (D)
  A jumping spider (D)
  An air elemental (D)
  A ynoxinul (D)
  A basilisk (D)
  2 redbacks (D)
  A water moccasin (D)
  A swamp drake (D)
  A black bear (D)
  2 orc warriors (D)
  2 sky beasts (D)
  A phantom (D)
  A kobold brigand (D)
  2 necrophages (D)
  A gnoll sergeant (D)
  An orc priest (D)
  A jelly (D)
  An iguana (D)
  4 orc wizards (D)
  A mummy (D)
  6 gnolls (D)
  An adder (D)
  An ufetubus (D)
  4 orcs (D)
  A giant cockroach (D)
  3 goblins (D)
  9 jackals (D)
  A quokka (D)
  2 ball pythons (D)
  2 bats (D)
  2 frilled lizards (D)
80 creatures vanquished.

Vanquished Creatures (others)
  A merfolk siren (D)
1 creature vanquished.

Grand Total: 81 creatures vanquished

Notes
Turn   | Place    | Note
-------+----------+-------------------------------------------
     0 | D        | rocky1 the Armataur Fighter began the quest for the Orb.
     0 | D        | Reached XP level 1. HP: 19/19 MP: 1/1
    40 | D        | Found a bloodstained altar of Trog.
    40 | D        | Found a shimmering blue altar of Sif Muna.
    40 | D        | Found a viscous altar of Jiyva.
    40 | D        | Found a hazy altar of Hepliaklqana.
    40 | D        | Found an opulent altar of Gozag.
    41 | D        | Found a glowing golden altar of the Shining One.
    41 | D        | Found a glowing silver altar of Zin.
    41 | D        | Found a basalt altar of Yredelemnul.
    41 | D        | Found a shimmering altar of Xom.
    41 | D        | Found an ornate altar of the Wu Jian Council.
    41 | D        | Found a sacrificial altar of Ru.
    41 | D        | Found a stormy altar of Qazlal.
    41 | D        | Found an iron altar of Okawaru.
    41 | D        | Found a sparkling altar of Nemelex Xobeh.
    41 | D        | Found a burning altar of Makhleb.
    41 | D        | Found a blossoming altar of Fedhas.
    41 | D        | Found a white marble altar of Elyvilon.
    41 | D        | Found a shadowy altar of Dithmenos.
    41 | D        | Found a snail-covered altar of Cheibriados.
    44 | D        | Found a corrupted altar of Lugonu.
    44 | D        | Found a radiant altar of Vehumet.
    45 | D        | Found an ancient bone altar of Kikubaaqudgha.
    45 | D        | Found a hide-covered altar of Uskayaw.
    45 | D        | Found a broken altar of Ashenzari.
    51 | D        | Became a worshipper of Warmaster Okawaru
    62 | D        | Noticed a glass eye
    67 | D        | Reached skill level 4 in Armour
    67 | D        | Reached XP level 2. HP: 19/27 MP: 2/2
    82 | D        | Killed a glass eye
    82 | D        | Reached * piety under Okawaru
    82 | D        | Reached ** piety under Okawaru
    83 | D        | Reached skill level 6 in Armour
    83 | D        | Reached skill level 5 in Shields
    83 | D        | Reached XP level 3. HP: 34/37 MP: 2/5
    83 | D        | Reached XP level 4. HP: 40/43 MP: 2/6
    83 | D        | Reached XP level 5. HP: 47/50 MP: 2/7
   141 | D        | Reached skill level 5 in Fighting
   248 | D        | Noticed a glass eye
   270 | D        | Killed a glass eye
   270 | D        | Reached *** piety under Okawaru
   271 | D        | Reached skill level 7 in Armour
   271 | D        | Reached XP level 6. HP: 60/60 MP: 7/9
   380 | D        | Noticed a water moccasin
   380 | D        | Noticed a glass eye
   400 | D        | Reached skill level 8 in Armour
   400 | D        | Reached skill level 5 in Invocations
   401 | D        | Killed a water moccasin
   402 | D        | Reached XP level 7. HP: 67/67 MP: 10/10
   408 | D        | Killed a glass eye
   421 | D        | Reached **** piety under Okawaru
   422 | D        | Reached skill level 9 in Armour
   666 | D        | Noticed a rime drake
   675 | D        | Killed a rime drake
   676 | D        | Reached XP level 8. HP: 54/78 MP: 9/12
   762 | D        | Noticed a hornet
   769 | D        | Paralysed by a hornet for 2 turns
   775 | D        | Killed a hornet
   936 | D        | Noticed a freezing wraith
   954 | D        | Killed a freezing wraith
   955 | D        | Reached skill level 10 in Axes
   955 | D        | Reached skill level 10 in Armour
   955 | D        | Reached XP level 9. HP: 49/85 MP: 13/15
  1118 | D        | Noticed Joseph
  1118 | D        | Noticed an orange demon
  1118 | D        | Noticed an eight-headed hydra
  1118 | D        | Noticed a merfolk siren
  1128 | D        | Killed an orange demon
  1129 | D        | Killed a merfolk siren
  1143 | D        | Killed a 13-headed hydra
  1143 | D        | Reached ***** piety under Okawaru
  1144 | D        | Reached skill level 11 in Armour
  1144 | D        | Reached skill level 1 in Stealth
  1149 | D        | Killed Joseph
  1157 | D        | Noticed a guardian mummy
  1157 | D        | Noticed a death yak
  1167 | D        | Killed a guardian mummy
  1178 | D        | Killed a death yak
  1179 | D        | Reached skill level 5 in Stealth
  1179 | D        | Reached XP level 10. HP: 85/96 MP: 12/17
  1188 | D        | Paralysed by an air elemental for 1 turns
  1197 | D        | Noticed an alligator
  1212 | D        | Reached skill level 12 in Armour
  1212 | D        | Reached skill level 10 in Invocations
  1212 | D        | Killed an alligator
  1212 | D        | Received a gift from Okawaru
  1218 | D        | Noticed an orc sorcerer
  1225 | D        | Paralysed by an orc sorcerer for 3 turns
  1227 | D        | Noticed a sun demon
  1227 | D        | HP: 4/95 [sun demon[an orc sorcerer] (12)]
  1230 | D        | Killed an orc sorcerer
  1231 | D        | Reached skill level 1 in Throwing
  1481 | D        | Noticed a manticore
  1502 | D        | Killed a manticore
  1503 | D        | Reached skill level 5 in Dodging
  1678 | D        | Noticed a flayed ghost
  1679 | D        | Noticed a manticore
  1700 | D        | Killed a shadow wraith
  1701 | D        | Reached skill level 13 in Armour
  1707 | D        | Killed a manticore
  1716 | D        | Killed a flayed ghost
  1716 | D        | Received a gift from Okawaru
  1720 | D        | Reached XP level 11. HP: 79/105 MP: 15/19
  1744 | D        | Noticed a deep elf pyromancer
  1750 | D        | Killed a deep elf pyromancer
  1751 | D        | Reached skill level 10 in Fighting
  1751 | D        | Reached skill level 14 in Armour
  1751 | D        | Reached skill level 10 in Shields
  1799 | D        | Got the +0 scale mail of Anwurph {Contam rPois Regen+
                  | Dex+3}
  1961 | D        | Noticed an orc high priest
  1961 | D        | Noticed a nagaraja
  1962 | D        | Noticed an orc sorcerer
  1979 | D        | Noticed a soul eater
  1984 | D        | Killed a nagaraja
  1985 | D        | HP: 7/162 [burnt (2)]
  1986 | D        | Killed an orc sorcerer
  1986 | D        | HP: 1/162 [orc high priest/+0 halberd (4)]
  1987 | D        | Incinerated by a smoke demon

Illustrated notes

Levels and vault maps discovered:
D:        pitsprint [storerooms_1, entrance_room_1, metal_vault_3, armoury_1,
          mini_pit_1, grid_room_1, main_hall_1, silver_pit, the_coven_3,
          the_vestibule_1, steel_vault_5, golden_pit, hallway_of_sentries,
          crystal_vault_6, iron_vault_2, final_vault]

Skill      XL: |  1  2  3  4  5  6  7  8  9 10 11 |
---------------+----------------------------------+-----
Fighting       | 3 4 5 6 7 8 9 10 | 10.6
Armour         | 4 6 7 8 9 10 11 13 14 | 14.5
Shields        | 4 5 6 7 8 9 10 | 10.0
Axes           | 4 6 8 10 11 13 | 13.8
Dodging        | 2 3 4 5 |  5.1
Invocations    | 3 4 5 6 8 9 10 | 10.7
Stealth        | 5 |  5.5
Throwing       | 4 |  4.6

Action                     |  1- 3 |  4- 6 |  7- 9 | 10-12 || total
---------------------------+-------+-------+-------+-------++-------
  Melee: War axe           |    22 |    36 |   119 |   102 ||   279
         Tailslap          |     3 |     7 |    20 |    17 ||    47
 Invoke: Heroism           |       |       |     3 |     2 ||     5
         Finesse           |       |       |     1 |     2 ||     3
    Use: Potion            |       |     1 |     9 |    11 ||    21
   Stab: Invisible         |       |       |    11 |       ||    11
 Armour: Scale mail        |     4 |    11 |       |    26 ||    41
         Chain mail        |       |     4 |    46 |       ||    50
         Plate armour      |       |       |    67 |   151 ||   218
  Dodge: Dodged            |     1 |     7 |    50 |    38 ||    96
  Block: Buckler           |     1 |    11 |    33 |    28 ||    73

Table legend: (Time is in decaauts)
 A = Elapsed time spent in this place.
 B = Non-inter-level travel time spent in this place.
 C = Inter-level travel time spent in this place.
 D = Time resting spent in this place.
 E = Time spent auto-exploring this place.
 F = Levels seen in this place.
 G = Mean time per level.
                   A        B        C        D        E       F      G
               +--------+--------+--------+--------+--------+-----+--------+
         Total |   1952 |   1890 |     62 |   1025 |      0 |   1 | 1952.0 |
       Dungeon |   1952 |   1890 |     62 |   1025 |      0 |   1 | 1952.0 |
               +--------+--------+--------+--------+--------+-----+--------+

Top non-repeatable levels by time:
       D: 1952 daAuts
